 Dungeon Crawl Stone Soup version 0.30-a0-1074-g5db6f66fbb (webtiles) character file.

Game seed: 5208368794905138746

4428 OrthodoxDeviant the Geomancer (level 10, 0/69 HPs)
             Began as a Ghoul Earth Elementalist on Apr 14, 2023.
             Was a Believer of Vehumet.
             Slain by a yak (12 damage)
             ... on level 8 of the Dungeon.
             The game lasted 00:36:59 (15667 turns).

OrthodoxDeviant the Geomancer (GhEE)               Turns: 15667, Time: 00:37:00

Health: 0/69       AC:  8    Str: 19    XL:     10   Next: 36%
Magic:  14/16      EV: 11    Int: 14    God:    Vehumet [**....]
Gold:   515        SH:  0    Dex:  9    Spells: 12/18 levels left

rFire   . . .      SeeInvis .    h - staff of conjuration
rCold   + . .      Faith    .    (no shield)
rNeg    + + +      Spirit   .    F - +0 acid dragon scales
rPois   ∞          Reflect  .    E - +1 helmet
rElec   .          Rampage  .    (no cloak)
rCorr   +                        (no gloves)
Will    .....                    (no boots)
Stlth   +                        (no amulet)
HPRegen 0.00/turn                n - +6 ring of strength
MPRegen 0.15/turn                (no ring)

@: about to teleport, inhibited regen
A: claws 1, cold resistance 1, negative energy resistance 3, inhibited
regeneration, torment resistance 2, devour on kill
a: Renounce Religion


You were on level 8 of the Dungeon.
You worshipped Vehumet.
Vehumet was pleased with you.
You visited 2 branches of the dungeon, and saw 10 of its levels.
You also visited: Ossuary.

You collected 515 gold pieces.

Inventory:

Missiles
 z - 3 throwing nets
 A - 77 stones
Armour
 a - a +0 robe
 E - a +1 helmet (worn)
 F - +0 acid dragon scales (worn)
Magical Staves
 h - a staff of conjuration (weapon)
Jewellery
 n - a +6 ring of strength (left claw)
Wands
 j - a wand of charming (26)
 y - a wand of iceblast (10)
 B - a wand of flame (17)
Scrolls
 c - 3 scrolls of teleportation
 d - 3 scrolls of fog
 f - 3 scrolls of vulnerability {unknown}
 g - 3 scrolls of identify
 i - 2 scrolls of enchant weapon
 p - 3 scrolls of amnesia
 r - 5 scrolls of blinking
 u - 7 scrolls of noise
 v - 3 scrolls of enchant armour
 x - a scroll of magic mapping {unknown}
 D - a scroll of poison {unknown}
Potions
 e - 3 potions of cancellation
 k - 2 potions of brilliance {unknown}
 l - 5 potions of flight {unknown}
 m - 4 potions of curing
 o - 2 potions of might {unknown}
 q - a potion of resistance {unknown}
 s - a potion of mutation {unknown}
 t - 2 potions of heal wounds {unknown}
 w - 4 potions of lignification {unknown}
 C - 2 potions of invisibility {unknown}


   Skills:
 - Level 1.7 Dodging
 - Level 2.1 Stealth
 + Level 4.7 Spellcasting
 * Level 8.0 Conjurations
 - Level 0.8 Transmutations
 * Level 11.4 Earth Magic


You had 12 spell levels left.
You knew the following spells:

 Your Spells              Type           Power      Damage    Failure   Level
a - Sandblast             Erth           70%        2d15      1%          1
b - Stone Arrow           Conj/Erth      90%        3d12      1%          3
c - Passwall              Tmut/Erth      16%        N/A       3%          2

Your spell library contained the following spells:

 Spells                   Type           Power      Damage    Failure   Level
 Kiss of Death            Conj/Necr      84%        2d11      4%          1
 Magic Dart               Conj           100%       1d8       1%          1
 Petrify                  Tmut/Erth      20%        N/A       19%         4
 Mephitic Cloud           Conj/Pois/Air  16%        N/A       24%         3
 Call Imp                 Summ           6%         N/A       34%         2
 Scorch                   Fire           6%         2d5       34%         2
 Flame Wave               Conj/Fire      21%        2d8       41%         4
 Summon Cactus Giant      Summ           1%         N/A       100%        6


Dungeon Overview and Level Annotations

Branches:
Dungeon (9/15)             Temple (1/1) D:6            Lair (0/5) D:9
Ossuary (visited)
    Orc: D:9-12

Altars:
Ashenzari
Cheibriados
Gozag
Hepliaklqana
Kikubaaqudgha
Makhleb
Okawaru
Qazlal
Ru
Sif Muna
Trog
Uskayaw
Vehumet
Wu Jian
Xom
Yredelemnul

Shops:
D:4 *   D:5 ?   D:7 [

Annotations:
D:5 1 runed translucent door, gelatine's ghost, amateur DsHW
D:7 exclusion: hornet
D:8 exclusion: hornet


Innate Abilities, Weirdness & Mutations

You are immune to poison.
You have sharp fingernails.
Your flesh is cold resistant. (rC+)
You are immune to negative energy. (rN+++)
You do not regenerate when monsters are visible.
You are immune to unholy pain and torment.
You thrive by killing the living.


Message History

The yak bellows! x4
The yak gores you! x2
The yak bellows!
There is a stone staircase leading up here.
Unknown command.
There are no items here.
The yak bellows!
The yak gores you! The yak closely misses you.
You climb upwards.
Level annotation: exclusion: hornet
There is a stone staircase leading down here.
Unknown command.
As you read the scroll of teleportation, it crumbles to dust.
You feel strangely unstable. The yak gores you! The yak gores you.
Unknown command.
Unknown command.
Unknown command.
Unknown command.
Casting: Stone Arrow (safe; 1% risk of failure)
Confirm with . or Enter, or press ? or * to list all spells.
Aiming: Stone Arrow (safe; 1% risk of failure)
Press: ? - help, Shift-Dir - straight line
Okay, then.
Unknown command.
Casting: Stone Arrow (safe; 1% risk of failure)
Confirm with . or Enter, or press ? or * to list all spells.
Aiming: Passwall (safe; 3% risk of failure)
Press: ? - help, Dir - move target The yak gores you.
* * * LOW HITPOINT WARNING * * *
The yak gores you.
* * * LOW HITPOINT WARNING * * *
You begin to meditate on the wall.
You continue meditating on the rock.
The yak gores you.
* * * LOW HITPOINT WARNING * * *
The yak gores you.
* * * LOW HITPOINT WARNING * * *
You continue meditating on the rock.
The yak gores you!
You die...

#.##########.# ######..#
#.# #.# #... #.#
#######.#########.## #.#
#.................# #.#
#.#####.########### #.#
#.# #.# #.# #.# #.# #####
#.####.#####.# ##...##
#......Y@Y...# ##.###.###
######.#########.#####.#.
#.# #...............
#.###.###......#..##
#...<..........#.##
##...............#
#.##.####...#.#.# #.##^#
##.##.#.# #.##.#
######.#.###


You could see 2 yaks.

Vanquished Creatures
  A hornet (D:8)
  Sigmund (D:3)
  2 yaks (D:9)
  A basilisk (D:9)
  3 wyverns
  A steam dragon (D:8)
  An acid dragon (D:8)
  5 water moccasins
  2 orc warriors
  An ice beast (D:7)
  A sky beast (D:6)
  A bullfrog (D:8)
  3 necrophages (D:5)
  A gnoll sergeant (D:6)
  3 scorpions
  9 wights
  A bullfrog zombie (D:5)
  2 centaur zombies (Ossuary)
  A hound (D:4)
  3 jellies
  4 orc priests
  2 human zombies
  A gnoll bouda (D:6)
  A scorpion zombie (D:5)
  Natasha (thrice) (D:2 D:1)
  Terence (D:2)
  2 iguanas
  6 orc wizards
  A sleepcap (D:4)
  A hound zombie (D:5)
  A howler monkey zombie (D:5)
  5 mummies
  Robin (D:2)
  8 gnolls
  4 adders
  2 shadow imps
  4 worms
  2 dart slugs
  18 orcs
  16 bats
  3 endoplasms (D:1)
  4 giant cockroaches
  A gnoll zombie (Ossuary)
  17 goblins
  10 hobgoblins
  2 jackals (D:4)
  2 quokkas (D:3)
  10 ball pythons
  A frilled lizard (D:1)
  A goblin zombie (Ossuary)
  2 hobgoblin zombies (Ossuary)
  11 kobolds
  A kobold zombie (Ossuary)
  6 rats
  2 rat zombies (D:4)
199 creatures vanquished.

Vanquished Creatures (others)
  9 fungi
  20 plants (D:9)
29 creatures vanquished.

Grand Total: 228 creatures vanquished

Notes
Turn   | Place    | Note
-------+----------+-------------------------------------------
     0 | D:1      | OrthodoxDeviant the Ghoul Earth Elementalist began the
                  | quest for the Orb.
     0 | D:1      | Reached XP level 1. HP: 14/14 MP: 2/2
   232 | D:1      | Reached XP level 2. HP: 20/20 MP: 2/4
   427 | D:1      | Reached skill level 4 in Earth Magic
   797 | D:1      | Reached XP level 3. HP: 26/26 MP: 1/5
   876 | D:1      | Learned a level 3 spell: Stone Arrow
   879 | D:1      | Learned a level 2 spell: Passwall
  1438 | D:2      | Noticed Terence
  2041 | D:2      | Noticed a scorpion
  2096 | D:2      | Reached skill level 1 in Conjurations
  2123 | D:2      | Noticed Natasha
  2191 | D:2      | Reached XP level 4. HP: 33/33 MP: 4/6
  2194 | D:2      | Killed Natasha
  2195 | D:2      | Reached skill level 5 in Earth Magic
  2301 | D:2      | Noticed Robin
  2517 | D:2      | Noticed Natasha
  2521 | D:2      | Killed Natasha
  2521 | D:2      | Noticed Natasha
  2522 | D:2      | Reached XP level 5. HP: 35/38 MP: 3/7
  2578 | D:1      | Killed Natasha
  3725 | D:3      | Found a faded altar of an unknown god.
  3953 | D:3      | Noticed Sigmund
  4138 | D:3      | Found a burning altar of Makhleb.
  4138 | D:3      | Noticed a blizzard demon
  4315 | D:4      | Found a sand-covered staircase.
  4361 | Ossuary  | Entered an ossuary
  4533 | Ossuary  | Reached XP level 6. HP: 45/45 MP: 3/8
  4581 | Ossuary  | Reached skill level 6 in Earth Magic
  5007 | D:4      | Found Coatic's General Store.
  5825 | D:5      | Entered Level 5 of the Dungeon
  5825 | D:5      | Found Lufruram's Magic Scroll Boutique.
  6108 | D:5      | Found a runed translucent door.
  6120 | D:5      | Noticed gelatine's ghost (amateur DsHW)
  6139 | D:5      | Found a runed translucent door.
  6185 | D:5      | Reached XP level 7. HP: 50/50 MP: 6/9
  7513 | D:5      | Reached skill level 7 in Earth Magic
  7623 | D:5      | You fall into a shaft and drop 3 floors!
  8301 | D:5      | Found an ancient bone altar of Kikubaaqudgha.
  8332 | D:5      | Reached XP level 8. HP: 53/57 MP: 1/10
  8536 | D:6      | Found a staircase to the Ecumenical Temple.
  8545 | Temple   | Entered the Ecumenical Temple
  8707 | Temple   | Became a worshipper of Vehumet
  8877 | D:6      | Reached skill level 8 in Earth Magic
  9220 | D:6      | Reached skill level 5 in Conjurations
  9643 | D:6      | Found a basalt altar of Yredelemnul.
  9644 | D:6      | Found an ornate altar of the Wu Jian Council.
  9875 | D:6      | Found an iron altar of Okawaru.
 10817 | D:7      | Found Syfimmun's Antique Armour Boutique.
 11046 | D:2      | Killed Robin
 11441 | D:2      | Killed Terence
 11630 | D:3      | Killed Sigmund
 11631 | D:3      | Reached skill level 9 in Earth Magic
 11631 | D:3      | Reached XP level 9. HP: 62/62 MP: 2/12
 12408 | D:7      | Reached * piety under Vehumet
 12408 | D:7      | Offered knowledge of Freeze by Vehumet.
 12701 | D:7      | Noticed a hornet
 13327 | D:8      | Noticed a hornet
 13639 | D:8      | Reached skill level 10 in Earth Magic
 14544 | D:8      | Offered knowledge of Kiss of Death by Vehumet.
 14553 | D:8      | Reached ** piety under Vehumet
 14670 | D:8      | Killed a hornet
 15030 | D:9      | Reached XP level 10. HP: 69/69 MP: 6/15
 15114 | D:9      | Reached skill level 11 in Earth Magic
 15565 | D:9      | Found a staircase to the Lair.
 15667 | D:8      | Slain by a yak

Illustrated notes

Levels and vault maps discovered:
D:1:      evilmike_arrival_crescent, layout_basic,
          hangedman_abyss_or_decor_stabs
D:2:      layout_basic, uniq_robin, uniq_terence, uniq_natasha
D:3:      layout_loops_ring, makhleb_altar_promises_db,
          overflow_temple_1_default, hellmonk_ecumenical_altar_arch_garden,
          uniq_sigmund
D:4:      layout_basic, serial_shops, shop, enter_ossuary_4
D:5:      layout_basic, lemuel_mausoleum_altar_kikubaaqudgha,
          ebering_ghost_sewer_f, chequers_serial_rivers_large_b,
          nicolae_stop_n_shop_2
D:6:      old_forge, layout_basic, okawaru_gym_becter,
          chequers_temple_overflow_statue_of_worship,
          minmay_temple_entry_large_hall
D:7:      layout_loops_ring, serial_shops, nicolae_shop_statue_plus
D:8:      layout_loops_ring, enter_bailey_4
D:9:      layout_long_grid, overflow_temple_1_default,
          mainiacjoe_overflow_surrounded_room, minmay_lair_entry_grove
Temple:   hellmonk_temple_flake

Skill      XL: |  1  2  3  4  5  6  7  8  9 10 |
---------------+-------------------------------+-----
Spellcasting   | 2 3 4 |  4.7
Earth Magic    | 4 5 6 7 9 10 11 | 11.4
Conjurations   | 1 2 3 4 5 7 8 |  8.0
Dodging        | |  1.7
Stealth        | |  2.1
Transmutations | |  0.8

Action                     |  1- 3 |  4- 6 |  7- 9 | 10-12 || total
---------------------------+-------+-------+-------+-------++-------
  Melee: Staff             |       |       |    11 |     3 ||    14
   Cast: Sandblast         |    54 |   133 |    82 |     4 ||   273
         Passwall          |       |     2 |     3 |     1 ||     6
         Stone Arrow       |       |       |   126 |    26 ||   152
  Evoke: Wand              |       |       |     2 |       ||     2
    Use: Scroll            |     1 |     4 |     2 |     1 ||     8
         Potion            |       |     1 |     3 |       ||     4
 Armour: Robe              |     7 |    22 |    27 |       ||    56
         Acid dragon scale |       |       |     9 |     4 ||    13
  Dodge: Dodged            |    10 |    42 |    88 |    13 ||   153

Table legend: (Time is in decaauts)
 A = Elapsed time spent in this place.
 B = Non-inter-level travel time spent in this place.
 C = Inter-level travel time spent in this place.
 D = Time resting spent in this place.
 E = Time spent auto-exploring this place.
 F = Levels seen in this place.
 G = Mean time per level.
                   A        B        C        D        E       F      G
               +--------+--------+--------+--------+--------+-----+--------+
         Total |  15891 |  14129 |   1762 |   3903 |   7353 |  11 | 1444.6 |
       Dungeon |  15111 |  13378 |   1733 |   3586 |   7182 |   9 | 1679.0 |
        Temple |    255 |    226 |     29 |     72 |    130 |   1 |  255.0 |
       Ossuary |    524 |    524 |      0 |    245 |     41 |   1 |  524.0 |
               +--------+--------+--------+--------+--------+-----+--------+

Top non-repeatable levels by time:
     D:5: 2874 daAuts
     D:2: 2335 daAuts
     D:8: 2122 daAuts
     D:6: 1863 daAuts
     D:1: 1664 daAuts
     D:3: 1461 daAuts
     D:4: 1425 daAuts
     D:7: 986 daAuts
 Ossuary: 524 daAuts
     D:9: 377 daAuts
  Temple: 255 daAuts
